 Dungeon Crawl Stone Soup version 0.30-a0-1074-g5db6f66fbb (webtiles) character file.

Game seed: 9208999740802774727

10059 BlueFish the Covert (level 11, 0/85 HPs)
             Began as an Octopode Transmuter on Apr 13, 2023.
             Was an Elder of Cheibriados.
             Slain by a yak (10 damage)
             ... on level 10 of the Dungeon.
             The game lasted 00:30:05 (13022 turns).

BlueFish the Covert (Octopode Transmuter)          Turns: 13022, Time: 00:30:05

Health: 0/85       AC:  8    Str: 22    XL:     11   Next: 56%
Magic:  17/18      EV: 13    Int: 25    God:    Cheibriados [****..]
Gold:   395        SH:  0    Dex: 22    Spells: 10/20 levels left

rFire   x . .      SeeInvis .    b - melded +0 arbalest
rCold   + + +      Faith    .    (shield currently unavailable)
rNeg    . . .      Spirit   .    (helmet currently unavailable)
rPois   +          Reflect  .    (no amulet)
rElec   .          Rampage  .    v - ring of protection from cold
rCorr   .                        y - ring of poison resistance
Will    .....                    (no ring)
Stlth   +++++                    (no ring)
HPRegen 0.34/turn                (no ring)
MPRegen 0.16/turn                (no ring)
                                 (no ring)
                                 (no ring)

@: ice-form, very slow
A: freezing attack, boosted hp, almost no armour, amphibious, 8 rings, large,
(camouflage 1), (gelatinous body 1), (nimble swimmer 1), (tentacles)
a: End Transformation, Renounce Religion, Bend Time, Temporal Distortion, Slouch


You were on level 10 of the Dungeon.
You worshipped Cheibriados.
Cheibriados was greatly pleased with you.
You were a creature of crystalline ice.
You visited 2 branches of the dungeon, and saw 11 of its levels.

You collected 527 gold pieces.
You spent 132 gold pieces at shops.

Inventory:

Hand Weapons
 b - a +0 arbalest (melded)
 c - a +1 sling
Missiles
 f - 34 poisoned darts
 h - 77 stones
 t - 4 javelins
 x - 7 boomerangs
 A - a throwing net
 L - a curare-tipped dart
Armour
 I - a +3 kite shield
Jewellery
 v - a ring of protection from cold (left front paw)
 y - a ring of poison resistance (right front paw)
Wands
 u - a wand of flame (36)
 E - a wand of acid (5)
 J - a wand of digging (8)
Scrolls
 d - 2 scrolls of enchant weapon
 e - 4 scrolls of identify
 i - a scroll of teleportation
 j - a scroll of fear
 l - 3 scrolls of vulnerability
 m - 2 scrolls of immolation {unknown}
 n - a scroll of poison
 r - a scroll of blinking
 s - a scroll of brand weapon {unknown}
 z - 3 scrolls of acquirement {unknown}
 C - a scroll of summoning {unknown}
 G - a scroll of magic mapping {unknown}
 H - 2 scrolls of enchant armour
Potions
 a - 7 potions of lignification
 g - 2 potions of mutation
 k - 7 potions of curing
 o - 3 potions of attraction
 p - 2 potions of magic {unknown}
 w - 3 potions of might
 B - a potion of flight {unknown}
 D - a potion of ambrosia {unknown}
 F - a potion of resistance {unknown}
 K - a potion of brilliance {unknown}


   Skills:
 + Level 5.1 Fighting
 + Level 1.1 Ranged Weapons
 + Level 5.0 Throwing
 + Level 5.6 Dodging
 + Level 10.3 Stealth
 + Level 1.1 Shields
 + Level 6.0 Unarmed Combat
 + Level 5.2 Spellcasting
 + Level 5.6 Transmutations
 + Level 5.9 Ice Magic
 + Level 6.8 Poison Magic
 + Level 3.6 Invocations
 + Level 3.4 Evocations


You had 10 spell levels left.
You knew the following spells:

 Your Spells              Type           Power      Damage    Failure   Level
a - Beastly Appendage     Tmut           68%        N/A       1%          1
b - Wereblood             Tmut           34%        N/A       1%          2
c - Spider Form           Tmut/Pois      37%        N/A       1%          3
d - Ice Form              Ice/Tmut       35%        N/A       8%          4

Your spell library contained the following spells:

 Spells                   Type           Power      Damage    Failure   Level
 Sting                    Tmut/Pois      100%       1d8       1%          1
 Foxfire                  Conj/Fire      24%        2x1d5     9%          1
 Magic Dart               Conj           24%        1d4       9%          1
 Mephitic Cloud           Conj/Pois/Air  18%        N/A       10%         3
 Call Imp                 Summ           12%        N/A       12%         2
 Fireball                 Conj/Fire      3%         3d4       92%         5
 Plasma Beam              Fire/Air       3%         2x1d14    100%        6
 Starburst                Conj/Fire      3%         6d3       100%        6
 Monstrous Menagerie      Summ           3%         N/A       100%        7
 Spellforged Servitor     Conj/Summ      3%         N/A       100%        7


Dungeon Overview and Level Annotations

Branches:
Dungeon (10/15)            Temple (1/1) D:7            Lair (0/5) D:10
    Orc: D:9-12

Altars:
Ashenzari
Cheibriados
Dithmenos
Fedhas
Gozag
Kikubaaqudgha
Makhleb
Nemelex Xobeh
Okawaru
Ru
Sif Muna
Vehumet
Wu Jian
Xom
Zin
The Shining One

Shops:
D:4 !

Annotations:
D:6 4 runed translucent doors
D:7 exclusion: vampire
D:8 exclusion: steam dragon
D:9 exclusion: acid dragon, Harold
D:10 exclusion: statue


Innate Abilities, Weirdness & Mutations

You are a creature of crystalline ice.
You have a powerful freezing melee attack.
Your maximum health is increased.
Your armour is entirely melded.
You are incapable of wielding weapons or throwing items.
You cannot wear most types of armour.
You are amphibious.
You can wear up to eight rings at the same time.
((Your skin changes colour to match your surroundings (Stealth+).))
((Your rubbery body absorbs attacks. (AC +1, EV +1)))
((You are camouflaged when in or above water. (Stealth+)))
((You have tentacles for arms and can constrict up to eight enemies at once.))


Message History

You completely miss the yak.
The yak is almost dead.
The yak misses you.
You punch the yak! You freeze the yak.
You kill the yak!
Cheibriados thoroughly appreciates the change of pace.
Your Throwing skill increases to level 5!
You hit the yak but do no damage. The yak gores you!
You hit the yak but do no damage. The yak gores you.
You punch the yak! You freeze the yak.
The yak is heavily wounded.
The yak closely misses you.
You punch the yak! You freeze the yak.
The yak is almost dead.
The yak barely misses you.
You pummel the yak!! You freeze the yak.
You kill the yak!
Cheibriados appreciates the change of pace.
You can now inflict damage on those overly hasty.
Cheibriados raises the support of your attributes as your movement slows.
You hit the yak but do no damage. You hit the yak. You freeze the yak.
The yak is lightly wounded.
The yak gores you!
You punch the yak! You freeze the yak.
The yak is heavily wounded.
The yak gores you!
* * * LOW HITPOINT WARNING * * *
You punch the yak! You freeze the yak.
You kill the yak!
Cheibriados thoroughly appreciates the change of pace.
You punch the yak! You freeze the yak.
The yak is moderately wounded.
The yak gores you!
* * * LOW HITPOINT WARNING * * *
Okay, then.
You punch the yak! You freeze the yak.
The yak is heavily wounded.
The yak gores you!
You die...

.#####.#####.§§§.#
.............§§.§.
#......####...§§§#
....<..#......§§§#
.........._# #.#
.....#.#>.## #.#
.###.#.#.## #.# .#
#.#.#.# #Y# .#
#.#.#.# #Y# .#
#.#.#.# #.# .#
#.#.#.#######.# .#
#.#...........#
.###.#.#.#########
.......#.#
########.#
.........#
##########


You could see a yak.

Vanquished Creatures
  Maggie (D:6)
  A kobold demonologist (D:6)
  3 trolls
  A meliai zombie (D:10)
  A wyvern (D:7)
  3 shadows (D:10)
  16 yaks
  3 wraiths (D:10)
  Menkaure (D:7)
  A steam dragon (D:10)
  3 wargs (D:10)
  Edmund (D:4)
  A water moccasin (D:5)
  Duvessa (D:7)
  4 ice beasts
  3 black bears
  An orc warrior (D:7)
  A hornet zombie (D:7)
  5 centaurs
  3 ogres (D:5)
  A phantom (D:7)
  A kobold brigand (D:8)
  6 bullfrogs
  3 necrophages (D:7)
  3 gnoll sergeants
  5 scorpions
  3 wights (D:9)
  Dowan (D:7)
  10 killer bees
  A howler monkey (D:8)
  A crimson imp (D:8)
  A centaur zombie (D:7)
  A bullfrog zombie (D:7)
  5 hounds
  A jelly (D:6)
  4 orc priests
  2 sleepcaps (D:6)
  11 orc wizards
  6 iguanas
  12 gnolls
  6 adders
  A shadow imp (D:6)
  A worm (D:2)
  3 dart slugs
  23 orcs
  4 bats
  7 endoplasms
  2 giant cockroaches
  6 hobgoblins
  8 jackals
  4 quokkas
  7 ball pythons
  4 frilled lizards
  9 kobolds
  28 rats
245 creatures vanquished.

Vanquished Creatures (others)
  A human (D:8)
  A bush (D:7)
  A demonic plant (D:2)
  8 plants (D:7)
11 creatures vanquished.

Grand Total: 256 creatures vanquished

Notes
Turn   | Place    | Note
-------+----------+-------------------------------------------
     0 | D:1      | BlueFish the Octopode Transmuter began the quest for the
                  | Orb.
     0 | D:1      | Reached XP level 1. HP: 13/13 MP: 3/3
   217 | D:1      | Reached XP level 2. HP: 11/18 MP: 5/5
   828 | D:2      | Found a shimmering blue altar of Sif Muna.
   874 | D:2      | Learned a level 2 spell: Wereblood
   940 | D:2      | Reached XP level 3. HP: 23/23 MP: 6/6
   952 | D:2      | Reached skill level 1 in Stealth
   958 | D:2      | Reached XP level 4. HP: 24/28 MP: 7/7
   964 | D:2      | Learned a level 3 spell: Spider Form
  1144 | D:2      | Reached skill level 2 in Stealth
  1273 | D:2      | Found a faded altar of an unknown god.
  1273 | D:2      | Noticed a tormentor
  1672 | D:3      | Noticed a black bear
  1710 | D:3      | Reached skill level 1 in Poison Magic
  1917 | D:3      | Reached XP level 5. HP: 27/34 MP: 6/8
  2164 | D:3      | Reached skill level 1 in Throwing
  2375 | D:4      | Found Ycanan's Distillery.
  2380 | D:4      | Bought a potion of might for 44 gold pieces
  2380 | D:4      | Bought a potion of heal wounds for 55 gold pieces
  2380 | D:4      | Bought a potion of curing for 33 gold pieces
  2860 | D:4      | Noticed Edmund
  2981 | D:4      | Noticed a black bear
  2993 | D:4      | Killed a black bear
  2994 | D:4      | Reached skill level 3 in Stealth
  2994 | D:4      | Reached XP level 6. HP: 26/39 MP: 5/9
  3204 | D:4      | Killed Edmund
  3279 | D:5      | Entered Level 5 of the Dungeon
  3346 | D:5      | Reached skill level 4 in Stealth
  3427 | D:5      | Reached XP level 7. HP: 28/45 MP: 11/11
  4165 | D:5      | Found a glowing golden altar of the Shining One.
  4233 | D:5      | Reached skill level 5 in Stealth
  4323 | D:5      | Reached XP level 8. HP: 51/51 MP: 8/12
  4783 | D:6      | Learned a level 4 spell: Ice Form
  4829 | D:6      | Found a large runed translucent door.
  4829 | D:6      | Found a large runed translucent door.
  4938 | D:6      | Noticed a yak
  4939 | D:6      | Noticed a manticore
  5052 | D:6      | Noticed a kobold demonologist
  5062 | D:6      | Reached skill level 6 in Stealth
  5062 | D:6      | Reached skill level 1 in Ice Magic
  5081 | D:6      | Killed a kobold demonologist
  5219 | D:6      | Got the Guidebook on United Changes
  5327 | D:6      | Found a large runed translucent door.
  5327 | D:6      | Found a large runed translucent door.
  5353 | D:6      | Reached XP level 9. HP: 49/57 MP: 11/14
  5417 | D:6      | Noticed a troll
  5422 | D:6      | Reached skill level 7 in Stealth
  5425 | D:6      | HP: 1/57 [troll (12)]
  5678 | D:6      | Reached skill level 5 in Poison Magic
  5866 | D:6      | Noticed Maggie
  5890 | D:6      | Killed Maggie
  6240 | D:6      | Killed a troll
  6241 | D:6      | Reached skill level 5 in Unarmed Combat
  6522 | D:7      | Found a staircase to the Ecumenical Temple.
  6530 | Temple   | Entered the Ecumenical Temple
  6550 | Temple   | Became a worshipper of Cheibriados the Contemplative
  6728 | D:7      | Reached skill level 8 in Stealth
  7040 | D:7      | Noticed Dowan
  7051 | D:7      | Found a broken altar of Ashenzari.
  7064 | D:7      | Noticed Duvessa
  7106 | D:7      | Noticed Menkaure
  7213 | D:7      | Reached skill level 1 in Invocations
  7290 | D:7      | Reached skill level 1 in Evocations
  7295 | D:7      | Reached XP level 10. HP: 18/62 MP: 8/16
  7530 | D:7      | Found a blossoming altar of Fedhas.
  7865 | D:7      | Killed Menkaure
  8028 | D:7      | Reached * piety under Cheibriados
  8192 | D:7      | Killed Duvessa
  8196 | D:7      | Killed Dowan
  8641 | D:7      | Reached skill level 5 in Dodging
  8641 | D:7      | Reached skill level 9 in Stealth
  8923 | D:7      | Reached skill level 5 in Transmutations
  9127 | D:8      | Found an ancient bone altar of Kikubaaqudgha.
  9208 | D:8      | Reached ** piety under Cheibriados
  9579 | D:8      | Found a burning altar of Makhleb.
  9989 | D:9      | Reached skill level 5 in Ice Magic
 10344 | D:8      | Reached XP level 11. HP: 51/70 MP: 14/18
 10809 | D:9      | Reached skill level 10 in Stealth
 10839 | D:9      | Noticed Harold
 10993 | D:9      | Reached skill level 5 in Spellcasting
 11115 | D:9      | Reached *** piety under Cheibriados
 11585 | D:10     | Entered Level 10 of the Dungeon
 11585 | D:10     | Found a sacrificial altar of Ru.
 11924 | D:10     | Reached skill level 5 in Fighting
 12162 | D:10     | Found a staircase to the Lair.
 12167 | D:10     | Identified the +0 hand axe "Bitust" {spect, rF+ rC+ rN++
                  | Str-3}
 12322 | D:10     | Found a radiant altar of Vehumet.
 13004 | D:10     | Reached skill level 1 in Ranged Weapons
 13004 | D:10     | Reached skill level 1 in Shields
 13012 | D:10     | Reached skill level 5 in Throwing
 13016 | D:10     | Reached **** piety under Cheibriados
 13022 | D:10     | Slain by a yak

Illustrated notes

Levels and vault maps discovered:
D:1:      dpeg_arrival_shelter, layout_basic
D:2:      layout_basic, dreamdust_ecumenical_altar_sealed_demon, basic_altar
D:3:      layout_rooms, minmay_rat_hole
D:4:      wander_river, layout_basic, nicolae_stop_n_shop_1, uniq_edmund
D:5:      layout_loops_corners, kennysheep_mini
D:6:      layout_gridville, kennysheep_nondescript,
          minmay_hollow_rounded_squares, uniq_maggie
D:7:      layout_loops_ring, fedhas_altar_decomposition, lemuel_doored_altar,
          minmay_temple_entry_glassed_door, uniq_duvessa, uniq_menkaure
D:8:      layout_basic, tgw_kikubaaqudgha, makhleb_grotto_becter
D:9:      layout_rooms, serial_shops, shop, uniq_harold
D:10:     layout_basic, overflow_temple_1_default, vehumet_statue,
          erik_lair_orcish_takeover, serial_undead, serial_undead_a,
          serial_undead_e, serial_undead_f, serial_undead_e
Temple:   eino_wide_crystal_templ

Skill      XL: |  1  2  3  4  5  6  7  8  9 10 11 |
---------------+----------------------------------+-----
Stealth        | 1 2 3 4 5 6 8 9 10 | 10.3
Poison Magic   | 1 2 3 4 5 6 |  6.8
Throwing       | 1 2 3 4 5 |  5.0
Fighting       | 2 3 4 5 |  5.1
Transmutations | 3 4 5 |  5.6
Dodging        | 3 4 5 |  5.6
Spellcasting   | 3 4 5 |  5.2
Unarmed Combat | 4 5 6 |  6.0
Ice Magic      | 2 3 5 |  5.9
Invocations    | 1 2 3 |  3.6
Evocations     | 1 2 3 |  3.4
Ranged Weapons | 1 |  1.1
Shields        | 1 |  1.1

Action                     |  1- 3 |  4- 6 |  7- 9 | 10-12 || total
---------------------------+-------+-------+-------+-------++-------
  Melee: Unarmed           |    41 |    79 |   274 |   298 ||   692
         Constrict         |    13 |    19 |     2 |     4 ||    38
         Kick              |     8 |     3 |       |       ||    11
         Tentacles         |     7 |    10 |     3 |     6 ||    26
         Punch             |     2 |     1 |       |     1 ||     4
   Fire: Sling             |    20 |    77 |    59 |    36 ||   192
         Arbalest          |       |       |       |    16 ||    16
  Throw: Dart              |       |     5 |    15 |       ||    20
   Cast: Beastly Appendage |     3 |     3 |       |       ||     6
         Spider Form       |       |     3 |    37 |     1 ||    41
         Wereblood         |       |     1 |       |       ||     1
         Ice Form          |       |       |     2 |    34 ||    36
 Invoke: Bend Time         |       |       |       |     3 ||     3
    Use: Scroll            |       |     3 |     1 |     8 ||    12
         Potion            |       |       |     2 |     3 ||     5
   Stab: Sleeping          |     1 |       |       |       ||     1
 Armour: Skin              |     4 |     7 |    18 |    75 ||   104
  Dodge: Dodged            |    32 |    50 |   234 |   184 ||   500

Table legend: (Time is in decaauts)
 A = Elapsed time spent in this place.
 B = Non-inter-level travel time spent in this place.
 C = Inter-level travel time spent in this place.
 D = Time resting spent in this place.
 E = Time spent auto-exploring this place.
 F = Levels seen in this place.
 G = Mean time per level.
                   A        B        C        D        E       F      G
               +--------+--------+--------+--------+--------+-----+--------+
         Total |  14305 |  13286 |   1019 |   1047 |   9658 |  11 | 1300.5 |
       Dungeon |  14265 |  13265 |   1000 |   1047 |   9648 |  10 | 1426.5 |
        Temple |     39 |     21 |     18 |      0 |     10 |   1 |   39.0 |
               +--------+--------+--------+--------+--------+-----+--------+

Top non-repeatable levels by time:
     D:7: 2754 daAuts
    D:10: 1738 daAuts
     D:8: 1703 daAuts
     D:6: 1629 daAuts
     D:9: 1561 daAuts
     D:5: 1542 daAuts
     D:4: 958 daAuts
     D:1: 822 daAuts
     D:2: 805 daAuts
     D:3: 750 daAuts
  Temple: 39 daAuts
